 Dungeon Crawl Stone Soup version 0.27.1-1-g398f81649c (webtiles) character file.

Game seed: 13345021445918204528

900 jlumianski the Chopper (level 7, 0/64 HPs)
             Began as a Deep Dwarf Fighter on Sept 17, 2021.
             Splashed by a jelly's acid (9 damage)
             ... on level 4 of the Dungeon on Sept 18, 2021.
             The game lasted 00:18:20 (3031 turns).

jlumianski the Chopper (Deep Dwarf Fighter)         Turns: 3031, Time: 00:18:21

Health: 0/64       AC: -3    Str: 21    XL:     7   Next: 79%
Magic:  2/2        EV:  8    Int:  9    God:
Gold:   138        SH: 10    Dex: 12    Spells: 6/6 levels left

rFire    . . .     SeeInvis .   B - +2 dagger (venom)
rCold    . . .     Faith    .   c - +0 kite shield
rNeg     . . .     Spirit   .   b - +0 scale mail
rPois    .         Reflect  .   (no helmet)
rElec    .         Harm     .   (no cloak)
rCorr    .         Rampage  .   i - +0 pair of gloves
Will     +....                  (no boots)
Stlth    ..........             (no amulet)
HPRegen  0.00/turn              (no ring)
MPRegen  0.08/turn              (no ring)

@: corroded
A: damage resistance, heal wounds, sense surroundings 1, no regeneration
a: Heal Wounds


You were on level 4 of the Dungeon.
You visited 2 branches of the dungeon, and saw 6 of its levels.

You collected 138 gold pieces.

Inventory:

Hand Weapons
 a - a +0 war axe
 h - a +0 dagger
 o - a +0 hunting sling
 B - a +2 dagger of venom (weapon)
 E - a +0 spear of flaming
Missiles
 e - 185 stones (quivered)
 f - 12 bolts
 q - 39 sling bullets
 r - 3 silver javelins
 v - 3 boomerangs of dispersal
 C - a curare-tipped dart
 D - 4 boomerangs
Armour
 b - a +0 scale mail (worn)
 c - a +0 kite shield (worn)
 i - a +0 pair of gloves (worn)
 t - a +2 leather armour of fire resistance
 y - a scarf of harm
Wands
 u - a wand of flame (23)
Scrolls
 g - a scroll of vulnerability {unknown}
 l - a scroll of amnesia {unknown}
 p - a scroll of fog
 s - 3 scrolls of teleportation
 w - a scroll of enchant armour {unknown}
 z - a scroll of noise {unknown}
 A - a scroll of fear {unknown}
Potions
 d - 4 potions of might
 j - 5 potions of curing
 k - a potion of flight {unknown}
 m - 2 potions of heal wounds
 n - a potion of brilliance
 x - a potion of degeneration


   Skills:
 + Level 4.0 Fighting
 + Level 0.7 Short Blades
 + Level 5.7 Axes
 + Level 2.0 Slings
 + Level 5.3 Armour
 + Level 2.4 Dodging
 - Level 0.3 Stealth
 + Level 5.4 Shields
 + Level 0.3 Evocations


You had 6 spell levels left.
You didn't know any spells.
Your spell library contained the following spells:

 Spells                   Type           Power      Damage    Failure   Level
 Static Discharge         Conj/Air       0%         N/A       99%         2
 Lightning Bolt           Conj/Air       0%         1d11      100%        5
 Maxwell's Capacitive Co  Air            0%         ∞         100%        8


Dungeon Overview and Level Annotations

Branches:
Dungeon (5/15)             Temple (1/1) D:4

Altars:
Dithmenos
Elyvilon
Gozag
Hepliaklqana
Kikubaaqudgha
Nemelex Xobeh
Okawaru
Ru
Uskayaw
Vehumet
Zin
Jiyva


Innate Abilities, Weirdness & Mutations

You are resistant to damage.
You can heal yourself by infusing magical energy.
You passively map a small area around you.
You do not regenerate.


Message History

You climb downwards.
There is a stone staircase leading up, spattered with blood here.
The orc throws a boomerang.
You block the boomerang.
A jelly comes into view.
The jelly quivers.
The orc hits you with a +0 club.
You climb upwards.
There is a stone staircase leading down, spattered with blood here.
You hit the orc but do no damage.
The orc is poisoned.
You block the orc's attack. x2
You hit the orc.
The orc looks as sick as possible!
The orc is moderately wounded.
You block the orc's attack.
You hit the orc.
You kill the orc!
D - 4 boomerangs (gained 2)
Items here: )) [[ †.
There is a stone staircase leading down, spattered with blood here.
Things that are here:
a +0 flail; a gnoll corpse
There is a stone staircase leading down, spattered with blood here.
You climb downwards.
The jelly hits you. The acid corrodes you!
You are splashed with acid!
You block the jelly's attack.
There is a stone staircase leading up, spattered with blood here.
The jelly hits you but does no damage.
You climb upwards.
There is a stone staircase leading down, spattered with blood here.
You hit the jelly.
Your hands burn!
The jelly is moderately wounded.
The jelly completely misses you.
You hit the jelly but do no damage.
Your hands burn!
* * * LOW HITPOINT WARNING * * *
The jelly is moderately wounded.
The jelly hits you. The acid corrodes you!
You are splashed with acid!
* * * LOW HITPOINT WARNING * * *
You hit the jelly. The acid corrodes you!
Your hands burn!
* * * LOW HITPOINT WARNING * * *
The jelly is heavily wounded.
The jelly hits you.
You are splashed with acid!
You die...

#.)# #.#.# #..# #.# #.....#
#..###.#.###..####.## ##.....###
##...##.#....#.......# #.(.......
##.#..#.#.#.#........# #.##.###..
##....#.....>........# #.##.# #.#
##)##.##..###..#.##..# #.##.###.#
...##.##..# #..#.##..###.##.....#
#####.##..###..#J##......######.#
.# ##.##..##...)@...##.### #.# .#
#............[[..##.# #.. .#
#..##.###.#####..##.# ##. ##
#..##.###.### #..##.# #.
#...........# #..##.# #.
####...#######.###..##.# ##.
.[.....# #......##.# #.. #####..#
#.###.###.# #.. #..# #.........#
#.<


You could see a jelly.

Vanquished Creatures
  Sigmund (D:4)
  An ogre (D:4)
  A centaur (D:4)
  A kobold brigand (D:4)
  A scorpion (D:4)
  4 hounds
  A jelly (D:4)
  An orc priest (D:4)
  A bullfrog skeleton (D:4)
  A gnoll shaman (D:4)
  An orc wizard (D:4)
  4 gnolls
  5 adders (D:4)
  A worm (D:3)
  2 dart slugs
  17 orcs
  11 endoplasms
  3 giant cockroaches (D:3)
  9 goblins
  2 hobgoblins
  3 jackals (D:1)
  2 quokkas
  7 ball pythons
  5 bats
  2 frilled lizards
  4 kobolds
  7 rats
98 creatures vanquished.

Notes
Turn   | Place    | Note
-------+----------+-------------------------------------------
     0 | D:1      | jlumianski the Deep Dwarf Fighter began the quest for the
                  | Orb.
     0 | D:1      | Reached XP level 1. HP: 20/20 MP: 1/1
    80 | D:1      | Reached XP level 2. HP: 22/27 MP: 2/2
   113 | D:1      | Found a faded altar of an unknown god.
   517 | D:1      | Reached XP level 3. HP: 22/34 MP: 3/3
   948 | D:2      | Reached skill level 1 in Dodging
  1024 | D:2      | Reached XP level 4. HP: 36/42 MP: 4/4
  1571 | D:3      | Found an iron altar of Okawaru.
  1589 | D:3      | Reached XP level 5. HP: 21/49 MP: 5/5
  1970 | D:4      | Noticed a centaur
  1987 | D:4      | Killed a centaur
  2052 | D:5      | Entered Level 5 of the Dungeon
  2128 | D:4      | Reached XP level 6. HP: 30/56 MP: 6/6
  2143 | D:4      | Noticed Sigmund
  2154 | D:4      | Killed Sigmund
  2262 | D:4      | Reached skill level 1 in Slings
  2307 | D:4      | Reached skill level 5 in Axes
  2307 | D:4      | Reached XP level 7. HP: 15/63 MP: 6/6
  2351 | D:4      | Found a staircase to the Ecumenical Temple.
  2361 | Temple   | Entered the Ecumenical Temple
  2513 | D:4      | Reached skill level 5 in Armour
  2616 | D:4      | Reached skill level 5 in Shields
  2651 | D:4      | Found a glowing silver altar of Zin.
  3031 | D:4      | Splashed by a jelly's acid

Illustrated notes

Levels and vault maps discovered:
D:1:      tarquinn_simple_flora_water_f, layout_basic,
          ebering_ecumenical_altar_mist
D:2:      layout_rooms
D:3:      layout_loops_ring, okawaru_metal_pillars_1_2, cheibrodos_gnoll_hut
D:4:      layout_loops_ring, zin_scriptorium, minmay_temple_entry_poolview,
          uniq_sigmund
D:5:      layout_rooms, bloody_makhleb, sword_in_stone
Temple:   pf_slimified_temple

Skill      XL: |  1  2  3  4  5  6  7 |
---------------+----------------------+-----
Fighting       | 3 4 |  4.0
Dodging        | 1 2 |  2.4
Axes           | 3 4 5 |  5.7
Shields        | 4 5 |  5.4
Armour         | 4 5 |  5.3
Slings         | 1 2 |  2.0
Short Blades   | |  0.7
Stealth        | |  0.3
Evocations     | |  0.3

Action                   |  1- 3 |  4- 6 |  7- 9 || total
-------------------------+-------+-------+-------++-------
Melee: War axe           |    82 |   136 |    38 ||   256
       Dagger            |       |       |    53 ||    53
 Fire: Hunting sling     |       |    31 |     5 ||    36
Throw: Stone             |     1 |     1 |       ||     2
 Abil: Heal Wounds       |     1 |     3 |     6 ||    10
Evoke: Wand              |       |       |     4 ||     4
  Use: Scroll            |     2 |     4 |       ||     6
Armor: Scale mail        |    53 |    68 |    34 ||   155
Dodge: Dodged            |    34 |    52 |    28 ||   114
Block: Kite shield       |    66 |    78 |    55 ||   199
